Map: Deathaura LE

Players

Kas

  • Race: Terran Terran
  • League: Grandmaster
  • Spawn Location: 11:00

Lambo - Winner!

  • Race: Zerg Zerg
  • League: Master
  • Spawn Location: 5:00

Event: DreamHack SC2 Masters 2020 Winter

VOD

Have the link to the VOD?

Description

Time

  • Played on: Oct. 14, 2020, 2:01 p.m.
  • Length: 27:18

All games in this series

Show
View Real Time Build Order
Export as new Build Order

Kas Terran 

Build Orders: Reaper Expand, Mech 

Get SALT Encoding   

  12  0:00  SCV  
  13  0:12  SCV  
  14  0:17  Supply Depot  
  14  0:24  SCV  
  15  0:38  SCV  
  15  0:40  Barracks  
  16  0:44  Refinery  
  16  0:50  SCV  
  17  1:02  SCV  
  18  1:15  SCV  
  19  1:27  Orbital Command  
  19  1:28  Reaper  
  20  1:39  Command Center  
  20  1:49  Supply Depot  
  20  1:52  SCV  
  21  2:00  Marine  
  22  2:06  SCV  
  23  2:13  Factory  
  23  2:18  SCV  
  23  2:22  Barracks Reactor  
  24  2:30  SCV  
  25  2:39  Command Center  
  25  2:42  SCV  
  26  2:54  Orbital Command  
  26  2:56  SCV  
  27  3:01  Starport  
  27  3:08  SCV  
  27  3:09  Refinery  
  28  3:19  Hellion  
  30  3:20  SCV, Hellion  
  30  3:21  SCV  
  34  3:32  SCV  
  34  3:33  SCV  
  36  3:39  Viking  
  38  3:44  SCV  
  38  3:45  SCV, Hellion  
  38  3:46  Hellion  
  44  3:51  Orbital Command  
  44  3:56  SCV  
  44  3:57  SCV  
  46  4:05  Fusion Core  
  46  4:08  SCV  
  46  4:09  SCV, Hellion x2  
  52  4:14  Supply Depot  
  52  4:16  Starport Tech Lab  
  52  4:18  SCV  
  52  4:20  SCV  
  52  4:22  SCV  
  55  4:26  Refinery  
  55  4:27  Refinery  
  55  4:30  SCV  
  56  4:33  SCV  
  56  4:34  SCV  
  56  4:35  Hellion  
  56  4:36  Hellion  
  62  4:39  Supply Depot  
  62  4:44  Supply Depot  
  62  4:47  SCV  
  62  4:49  SCV x2  
  66  5:00  SCV  
  66  5:01  Battlecruiser, SCV  
  66  5:03  Supply Depot  
  66  5:04  Hellion x2  
  77  5:08  SCV  
  78  5:25  Hellion x2  
  78  5:27  SCV x2  
  84  5:32  Weapon Refit  
  84  5:33  Factory x2  
  84  5:34  SCV  
  85  5:39  SCV x2  
  85  5:42  Supply Depot  
  87  5:43  Supply Depot  
  87  5:49  Orbital Command  
  86  5:51  Hellion x2  
  86  5:54  SCV x2  
  91  5:59  Armory  
  91  6:03  Refinery  
  91  6:05  Battlecruiser  
  91  6:06  SCV x2  
  91  6:07  Refinery  
  93  6:18  SCV  
  93  6:22  SCV, Factory Tech Lab x2  
  95  6:27  Hellion x2  
  95  6:29  Factory  
  95  6:30  SCV  
  95  6:32  SCV  
  101  6:34  SCV, Factory  
  102  6:43  SCV, Siege Tank  
  106  6:49  Siege Tank  
  109  6:54  Supply Depot  
  109  6:55  Supply Depot  
  109  6:58  Terran Vehicle Weapons Level 1  
  109  7:01  Supply Depot  
  109  7:02  Infernal Pre-Igniter  
  109  7:03  SCV, Hellion x2  
  109  7:06  SCV x2  
  105  7:16  SCV  
  105  7:17  Cyclone  
  105  7:18  SCV  
  105  7:20  Engineering Bay  
  105  7:21  Cyclone  
  105  7:22  SCV  
  106  7:26  Factory Reactor, Factory Tech Lab  
  106  7:29  SCV  
  107  7:31  SCV  
  107  7:35  Command Center  
  112  7:39  Battlecruiser  
  114  7:46  Cyclone  
  114  7:48  Missile Turret  
  114  7:50  Missile Turret  
  117  7:53  Missile Turret  
  117  7:59  SCV x3  
  117  8:03  Supply Depot x2  
  120  8:11  SCV  
  120  8:12  Missile Turret  
  118  8:19  SCV x2  
  120  8:21  Missile Turret  
  120  8:22  Cyclone x2  
  120  8:23  SCV  
  126  8:33  Cyclone  
  120  8:36  Widow Mine x4  
  120  8:37  SCV x2  
  120  8:39  SCV  
  131  8:42  Missile Turret  
  131  8:45  Battlecruiser  
  137  8:49  SCV  
  137  8:52  Missile Turret  
  137  8:54  Cyclone, Missile Turret  
  141  8:59  Thor  
  147  9:03  Supply Depot  
  147  9:04  SCV  
  147  9:05  Thor  
  147  9:06  SCV  
  155  9:13  Planetary Fortress, Missile Turret  
  155  9:14  Refinery  
  155  9:17  Refinery  
  155  9:18  SCV  
  155  9:22  Hellion x2  
  155  9:23  Hellion  
  162  9:27  Missile Turret  
  162  9:36  Missile Turret  
  162  9:38  Missile Turret  
  162  9:42  Missile Turret  
  162  9:45  Siege Tank x2  
  168  9:48  Siege Tank  
  152  10:06  Hellion  
  138  10:11  SCV  
  138  10:13  SCV x2  
  124  10:17  Hellion x2, Cyclone, Siege Tank  
  124  10:20  SCV, Siege Tank  
  138  10:21  Missile Turret  
  138  10:22  Terran Vehicle Weapons Level 2  
  138  10:23  SCV  
  138  10:24  Armory  
  138  10:25  SCV  
  138  10:27  Command Center  
  140  10:29  SCV  
  141  10:39  SCV  
  141  10:40  SCV x2  
  144  10:44  Supply Depot  
  144  10:49  Hellion x2, Siege Tank x2  
  158  10:50  Hellion x2  
  158  10:51  SCV  
  158  10:53  Siege Tank  
  162  10:57  Factory  
  162  11:00  Factory  
  162  11:02  Factory  
  162  11:03  Starport Reactor  
  162  11:07  SCV  
  162  11:09  Supply Depot  
  163  11:15  Hellion x3  
  163  11:16  Hellion  
  163  11:17  Drilling Claws, Smart Servos  
  157  11:19  Mag-Field Accelerator  
  157  11:21  Siege Tank  
  160  11:29  SCV x3  
  160  11:30  Sensor Tower  
  163  11:33  Command Center  
  163  11:35  Command Center  
  163  11:43  Cyclone x2, Siege Tank  
  163  11:44  Hellion x2  
  163  11:45  Hellion, Factory Tech Lab x2  
  180  11:47  Hellion  
  180  11:51  SCV x2  
  180  11:53  Siege Tank  
  180  11:54  SCV  
  186  12:01  Terran Vehicle And Ship Armor Level 1  
  186  12:15  Siege Tank x3  
  192  12:19  Planetary Fortress  
  178  12:37  Missile Turret  
  146  12:46  Siege Tank x2  
  146  12:47  Hellion, Siege Tank x2  
  146  12:48  Hellion x2, Cyclone x2  
  157  12:51  Hellion  
  148  12:58  Missile Turret  
  148  12:59  Orbital Command, Missile Turret  
  148  13:00  Planetary Fortress  
  148  13:08  Hellion  
  148  13:09  Hellion x2, Missile Turret  
  148  13:11  SCV  
  148  13:12  SCV x3  
  158  13:16  Refinery  
  158  13:17  Refinery  
  158  13:18  Cyclone x2  
  158  13:19  Cyclone  
  172  13:20  Hellion, Cyclone x2  
  172  13:21  Hellion  
  170  13:30  Hellion  
  163  13:34  Hellion x2  
  161  13:41  Hellion  
  161  13:42  Siege Tank  
  157  13:50  Siege Tank  
  157  13:51  Cyclone  
  157  13:52  Hellion, Cyclone x2  
  158  13:55  Hellion  
  158  14:00  Hellion  
  158  14:01  Command Center  
  159  14:02  Hellion  
  159  14:04  Terran Vehicle Weapons Level 3  
  159  14:06  Terran Vehicle And Ship Armor Level 2  
  159  14:08  SCV  
  160  14:12  Factory Tech Lab  
  160  14:13  Hellion  
  160  14:14  Hellion  
  161  14:19  Hellion  
  161  14:21  Hellion  
  161  14:30  Hellion x2  
  161  14:31  Cyclone, Siege Tank x3  
  168  14:35  Liberator  
  168  14:36  Liberator  
  183  14:49  Siege Tank  
  183  14:50  Hellion  
  183  14:51  Siege Tank  
  175  15:03  Siege Tank  
  178  15:08  Siege Tank x2  
  178  15:09  Hellion x3, Siege Tank  
  189  15:21  Command Center, Siege Tank  
  189  15:22  Liberator x2  
  186  15:38  Command Center  
  186  15:44  Cyclone x2, Missile Turret  
  186  15:45  Missile Turret  
  186  15:46  Hellion x2  
  186  15:47  Missile Turret  
  186  15:48  Refinery  
  186  15:49  Refinery  
  196  16:00  Planetary Fortress  
  193  16:05  Viking x2  
  193  16:09  Hellion x2  
  193  16:10  Hellion x2  
  196  16:22  Missile Turret  
  196  16:32  Hellion x4  
  174  16:34  Hellion x2  
  174  16:37  Thor x3  
  193  16:43  Hellion  
  192  16:53  Hellion x2  
  186  17:08  Hellion x3  
  186  17:22  Siege Tank x3  
  180  17:23  Siege Tank x2  
  178  17:32  Siege Tank  
  178  17:35  Hellion  
  161  17:54  Siege Tank x3  
  161  17:56  Siege Tank x2  
  176  17:59  Hellion x2  
  176  18:01  Hellion x2  
  176  18:16  Siege Tank  
  175  18:20  Hellion  
  175  18:21  Hellion  
  175  18:25  Viking  
  175  18:26  Siege Tank x2  
  175  18:39  Siege Tank  
  178  18:44  Unknown x2  
  178  18:46  Siege Tank x2  
  178  18:47  Viking  
  186  18:50  Hellion  
  188  19:12  Siege Tank x2  
  188  19:15  Siege Tank x2  
  179  19:20  Hellion, Siege Tank x2  
  167  19:44  Thor x2  
  170  19:50  Viking x2  
  167  19:55  Hellion x2  
  164  20:00  Planetary Fortress  
  162  20:10  Thor  
  145  20:22  Thor  
  145  20:23  Hellion  
  147  20:33  Hellion x2  
  145  20:39  Orbital Command  
  145  20:53  Thor  
  145  20:54  Thor x2  
  163  20:58  Refinery  
  163  20:59  Refinery  
  142  21:22  Viking x2  
  142  21:23  Thor x2  
  142  21:24  Thor  
  140  21:38  Siege Tank x2  
  140  21:39  Hellion x2  
  150  21:41  Terran Ship Weapons Level 1, Terran Vehicle And Ship Armor Level 3  
  144  21:51  Viking  
  144  21:52  Viking  
  151  21:54  Siege Tank  
  151  21:55  Hellion x2  
  159  22:01  Hellion x2  
  159  22:06  Missile Turret  
  159  22:10  Hellion  
  159  22:11  Siege Tank x2  
  167  22:16  Missile Turret  
  167  22:26  Missile Turret  
  167  22:30  Hellion x2  
  171  22:46  Siege Tank x4  
  171  22:50  Siege Tank  
  172  23:03  Siege Tank  
  172  23:04  Hellion x3  
  177  23:16  Hellion  
  177  23:18  Hellion, Siege Tank  
  181  23:23  Hellion x2  
  182  23:27  Siege Tank  
  182  23:28  Hellion x2  
  189  23:35  Siege Tank  
  192  23:44  Thor, Siege Tank  
  190  24:09  Liberator  
  186  24:54  Liberator x2  
  159  25:13  Thor x2  
  127  25:28  Hellion x5  
  91  25:37  Viking x2  
  95  25:44  Thor  
  101  25:58  Unknown  
  101  26:03  Orbital Command  
  101  26:05  Thor  
  107  26:11  Hellion x2  
  107  26:12  Hellion x2  
  111  26:21  Thor  
  115  26:27  Hellion x2  
  109  26:40  Hellion x3  
  109  26:41  Hellion  
  109  26:43  Hellion  
  125  26:49  Hellion x3  
Show
View Real Time Build Order
Export as new Build Order

Lambo Zerg - Winner!

Build Orders: Hatch First, Muta Ling Bane 

Get SALT Encoding   

  12  0:00  Drone  
  13  0:12  Overlord  
  13  0:17  Drone  
  14  0:30  Drone x2  
  16  0:47  Hatchery  
  15  0:50  Drone  
  15  0:54  Drone  
  17  0:59  Drone  
  18  1:12  Spawning Pool  
  18  1:16  Drone  
  18  1:20  Extractor  
  18  1:22  Drone  
  18  1:29  Drone  
  19  1:38  Drone  
  20  1:50  Overlord  
  20  1:59  Zergling x2, Queen x2  
  20  2:00  Zergling x2  
  26  2:10  Drone x2  
  28  2:21  Drone x2  
  30  2:25  Metabolic Boost  
  30  2:37  Hatchery  
  30  2:38  Drone  
  30  2:42  Drone  
  31  2:44  Drone  
  31  2:49  Overlord  
  32  2:57  Drone x2  
  34  3:00  Pneumatized Carapace  
  34  3:05  Queen  
  34  3:10  Drone  
  34  3:11  Drone  
  39  3:12  Drone  
  39  3:16  Overlord  
  39  3:21  Drone x2  
  39  3:25  Spore Crawler  
  40  3:28  Drone  
  40  3:34  Drone x2  
  44  3:43  Queen x2  
  44  3:46  Drone x3  
  44  3:48  Drone  
  52  3:50  Queen  
  52  3:53  Overlord  
  54  3:57  Zergling x4  
  54  4:02  Zergling x4  
  58  4:05  Overlord  
  58  4:11  Overlord  
  58  4:12  Drone x3  
  58  4:16  Overlord  
  61  4:18  Drone x3  
  64  4:24  Overlord  
  64  4:25  Drone  
  64  4:29  Overlord  
  64  4:30  Drone  
  66  4:32  Lair  
  66  4:35  Baneling Nest  
  66  4:37  Drone x2  
  67  4:39  Drone  
  67  4:45  Extractor  
  67  4:46  Drone x2, Extractor  
  67  4:48  Drone  
  69  4:54  Overlord, Queen  
  69  4:55  Zergling x2  
  69  4:57  Zergling x4  
  69  4:58  Drone x4  
  78  5:00  Drone x2  
  78  5:01  Drone  
  78  5:04  Drone  
  78  5:06  Evolution Chamber  
  80  5:10  Overlord  
  80  5:11  Drone x2  
  83  5:14  Spore Crawler x2  
  83  5:18  Drone  
  83  5:19  Drone  
  83  5:21  Queen  
  83  5:22  Drone  
  83  5:25  Overlord  
  83  5:28  Spore Crawler  
  85  5:29  Drone x3  
  85  5:30  Extractor  
  87  5:36  Overlord, Spire  
  87  5:38  Zergling x2  
  87  5:39  Drone  
  87  5:40  Extractor  
  87  5:44  Drone x4  
  93  5:50  Drone x3  
  93  5:51  Extractor  
  93  5:53  Drone  
  93  5:54  Drone  
  93  5:56  Baneling x2  
  93  5:57  Baneling  
  95  5:59  Roach Warren, Drone x2  
  95  6:00  Drone  
  95  6:01  Drone  
  98  6:04  Evolution Chamber  
  98  6:08  Baneling x2  
  98  6:10  Baneling x2  
  98  6:11  Zergling x12  
  100  6:15  Zergling x6  
  96  6:24  Overlord  
  96  6:30  Zerg Missile Weapons Level 1  
  96  6:39  Glial Reconstitution  
  96  6:41  Hatchery  
  95  6:53  Mutalisk x7  
  109  6:58  Mutalisk  
  111  7:02  Drone x8  
  119  7:14  Mutalisk x2  
  116  7:22  Mutalisk  
  115  7:23  Drone x8  
  123  7:32  Evolution Chamber  
  123  7:34  Mutalisk  
  123  7:35  Mutalisk  
  123  7:36  Drone  
  127  7:39  Extractor  
  127  7:41  Extractor  
  125  7:44  Zergling x8  
  125  7:46  Overlord x2  
  125  7:47  Overlord  
  125  7:49  Overlord  
  129  7:56  Overlord  
  129  7:57  Overlord  
  129  7:58  Overlord  
  129  8:07  Roach x6  
  139  8:13  Roach  
  139  8:14  Roach x5  
  139  8:16  Zerg Melee Weapons Level 1  
  139  8:18  Drone  
  139  8:19  Drone x5  
  153  8:30  Roach  
  153  8:31  Roach x5  
  159  8:39  Zerg Missile Weapons Level 2  
  159  8:40  Roach x8  
  175  8:43  Hatchery  
  175  8:44  Spore Crawler  
  173  8:50  Overlord  
  173  8:53  Overlord  
  173  8:54  Corruptor x3  
  179  8:58  Drone x2, Corruptor  
  183  9:10  Corruptor x2  
  183  9:12  Ravager x6  
  183  9:16  Corruptor  
  195  9:18  Zergling x8  
  199  9:27  Centrifical Hooks  
  199  9:32  Spine Crawler x2  
  199  9:34  Baneling x7  
  198  9:38  Drone x2  
  198  9:42  Baneling  
  198  9:43  Overlord, Baneling x7  
  198  9:56  Zergling x40  
  144  10:07  Roach x11  
  144  10:11  Roach x2  
  155  10:15  Corruptor  
  155  10:16  Corruptor  
  155  10:17  Zerg Flyer Weapons Level 1  
  155  10:19  Drone x2  
  161  10:24  Drone x6  
  161  10:28  Spore Crawler  
  166  10:29  Ravager x2  
  166  10:30  Ravager x2  
  166  10:35  Drone, Zerg Ground Armor Level 1  
  170  10:36  Drone x2  
  170  10:39  Drone, Extractor  
  170  10:40  Extractor  
  172  10:45  Drone x5  
  172  10:47  Drone  
  172  10:49  Ravager x2  
  180  10:54  Hatchery  
  180  10:56  Corruptor x2  
  183  11:02  Zergling x22  
  192  11:16  Drone x2  
  192  11:17  Drone  
  192  11:18  Drone  
  194  11:21  Corruptor x2  
  194  11:22  Corruptor  
  194  11:24  Infestation Pit  
  199  11:26  Spine Crawler  
  199  11:29  Spine Crawler, Ravager x2  
  199  11:31  Baneling x16  
  199  11:51  Overlord  
  199  11:52  Overlord  
  199  11:57  Zerg Melee Weapons Level 2  
  199  11:58  Overlord  
  196  12:10  Baneling x19  
  196  12:14  Hive, Pathogen Glands  
  197  12:15  Drone x3  
  197  12:21  Extractor  
  197  12:22  Spore Crawler  
  197  12:23  Extractor  
  196  12:31  Overlord  
  184  12:38  Zergling x36  
  184  12:39  Zergling x14  
  184  12:41  Zergling x24  
  176  12:51  Roach x4  
  176  12:52  Roach x7  
  198  12:59  Baneling x17  
  198  13:03  Zerg Ground Armor Level 2  
  198  13:06  Baneling x2  
  198  13:07  Baneling x12  
  198  13:08  Drone  
  199  13:13  Baneling  
  199  13:14  Baneling x6  
  199  13:17  Overlord  
  197  13:20  Overlord  
  197  13:21  Hatchery  
  197  13:23  Zergling x34  
  189  13:29  Zergling x18  
  189  13:32  Ravager x6  
  191  13:42  Zergling x10  
  191  13:44  Zergling x22  
  191  13:46  Roach x2  
  191  13:49  Roach  
  184  13:56  Roach x7  
  198  14:04  Greater Spire  
  198  14:09  Baneling x23  
  198  14:11  Overlord  
  198  14:12  Overlord x2  
  198  14:13  Zerg Missile Weapons Level 3  
  198  14:14  Overlord  
  189  14:18  Roach x4  
  189  14:22  Zergling x10  
  191  14:26  Zergling x10  
  191  14:31  Burrow  
  192  14:44  Unknown, Spine Crawler  
  190  14:46  Unknown  
  190  14:48  Zergling x34  
  190  14:52  Infestor x4  
  199  15:05  Drone x9  
  196  15:14  Infestor x3  
  194  15:22  Baneling x10  
  194  15:23  Spine Crawler, Baneling  
  194  15:24  Spine Crawler  
  194  15:25  Spine Crawler  
  194  15:28  Spine Crawler  
  190  15:34  Drone x2  
  190  15:35  Corruptor x3  
  192  15:37  Spore Crawler  
  199  15:44  Zerg Flyer Weapons Level 2, Neural Parasite  
  199  15:52  Drone x14  
  197  16:02  Drone x2  
  197  16:03  Drone  
  198  16:09  Spore Crawler  
  191  16:18  Ravager  
  191  16:19  Ravager x2  
  176  16:38  Corruptor x3  
  167  16:42  Drone  
  167  16:43  Drone x7  
  167  16:46  Drone x6  
  178  16:59  Ravager x3  
  181  17:01  Spore Crawler  
  181  17:04  Spore Crawler  
  181  17:06  Spore Crawler  
  181  17:07  Zergling x38  
  186  17:08  Ravager x2  
  186  17:09  Ravager x6  
  188  17:18  Zergling x2  
  188  17:19  Zergling x4  
  188  17:21  Zergling x2  
  188  17:22  Zergling x16  
  194  17:29  Zergling x12  
  182  17:30  Zergling x10  
  182  17:36  Infestor x2  
  181  17:37  Infestor x3  
  181  17:38  Infestor x4  
  195  17:47  Roach x3  
  199  17:53  Baneling x8  
  199  17:58  Overlord  
  182  18:13  Drone x12  
  191  18:22  Drone  
  191  18:23  Drone x5  
  194  18:33  Ravager x3  
  197  18:40  Zerg Flyer Weapons Level 3  
  197  18:43  Spine Crawler  
  197  18:46  Hatchery  
  195  18:48  Spine Crawler  
  194  18:59  Brood Lord x3  
  189  19:15  Zergling x14, Roach x9  
  173  19:17  Roach x8  
  173  19:19  Brood Lord  
  173  19:20  Brood Lord  
  193  19:30  Roach x6  
  197  19:43  Corruptor x2  
  199  19:49  Overlord  
  194  20:05  Zergling x26  
  199  20:12  Zergling x2, Roach x2  
  184  20:17  Roach x8  
  166  20:28  Brood Lord x4  
  166  20:29  Infestor x3  
  166  20:33  Zerg Melee Weapons Level 3  
  179  20:37  Infestor x2  
  186  20:42  Ravager x3  
  186  20:43  Ravager x7  
  193  20:50  Baneling x3  
  193  20:51  Baneling  
  193  20:56  Corruptor x3  
  172  21:24  Corruptor x4  
  172  21:25  Corruptor x3  
  162  21:27  Infestor x3  
  162  21:28  Roach x4  
  184  21:37  Corruptor  
  186  21:40  Roach x7  
  198  21:49  Brood Lord x2  
  197  21:59  Spore Crawler  
  197  22:00  Spore Crawler  
  195  22:09  Ravager x4  
  199  22:28  Ravager  
  180  23:15  Unknown  
  180  23:17  Hatchery  
  180  23:19  Unknown, Ravager x6  
  179  23:24  Roach x2  
  179  23:25  Brood Lord x9  
  183  23:27  Roach x2  
  183  23:28  Corruptor x5  
  196  23:39  Overseer  
  196  23:47  Baneling  
  196  23:48  Baneling x14  
  192  24:05  Ravager  
  192  24:06  Ravager x3  
  190  25:05  Roach x12  
  145  25:19  Roach x8  
  151  25:29  Infestor x5  
  158  25:38  Overseer  
  158  25:39  Overseer  
  158  25:41  Unknown  
  157  25:44  Ravager x2  
  157  25:45  Ravager x3, Corruptor x4  
  157  25:47  Queen x4  
  177  26:00  Ravager x4  
  177  26:02  Queen  
  177  26:04  Infestor x2  
  183  26:07  Spore Crawler  
  183  26:10  Spore Crawler  
  181  26:22  Queen  
  181  26:24  Brood Lord  
  174  26:26  Drone x4  
  174  26:27  Drone x2  
  176  26:55  Ravager x6  
  176  26:56  Ravager  
  176  26:57  Drone x5  
  179  27:05  Drone x2  
Tags
 
Add a new tag
Caveats
  • Supply blocks, unpowered buildings, or Contaminate may cause inaccurate times.
  • Supply counts are checked every 10 seconds.